 Dungeon Crawl Stone Soup version 0.18-a0-1764-gf4ddf0b (webtiles) character file.

158 swanee5252 the Covered (level 5, -3/37 HPs)
             Began as a Mummy Wanderer on Apr 13, 2016.
             Slain by an orc warrior
             ... wielding a +0 scimitar
              (11 damage)
             ... on level 3 of the Dungeon.
             The game lasted 00:10:41 (2468 turns).

swanee5252 the Covered (Mummy Wanderer)             Turns: 2468, Time: 00:10:41

Health: -3/37      AC: 14    Str: 15    XL:     5   Next: 16%
Magic:  5/5        EV:  0    Int: 13    God:
Gold:   57         SH:  0    Dex: 11    Spells: 0 memorised, 4 levels left

rFire  x . .     SeeInvis .     a - +1 dagger (venom)
rCold  + . .     Gourm    .     i - +0 plate armour
rNeg   + + +     Faith    .     (no shield)
rPois  ∞         Spirit   .     (no helmet)
rElec  .         Dismiss  .     (no cloak)
rCorr  .         Reflect  .     n - +1 pair of gloves
SustAt .         Harm     .     (no boots)
MR     .....                    (no amulet)
Stlth  ..........               (no ring)
                                (no ring)

@: not resistant to hostile enchantments, extremely unstealthy
A: no food or potions, fire vulnerability, cold resistance 1, negative energy
resistance 3, torment resistance, unbreathing
a: no special abilities


You were on level 3 of the Dungeon.
You were not hungry.

You visited 1 branch of the dungeon, and saw 3 of its levels.

You collected 57 gold pieces.

Inventory:

Hand Weapons
 a - a +1 dagger of venom (weapon)
 b - a +2 hand crossbow
 e - a +0 war axe
 f - a +0 blowgun
Missiles
 d - 7 poisoned needles
 l - 54 stones (quivered)
 m - 25 bolts
Armour
 i - a +0 plate armour (worn)
 n - a +1 pair of gloves (worn)
Scrolls
 c - 4 scrolls of teleportation
 g - 2 scrolls of fear {unknown}
 h - a scroll of random uselessness {unknown}
 j - a scroll of identify {unknown}
 k - 2 scrolls of enchant weapon {unknown}


   Skills:
 - Level 1.0 Fighting
 + Level 1.0 Short Blades
 - Level 1.5 Axes
 - Level 2.0 Crossbows
 - Level 1.0 Throwing
 - Level 4.0 Armour
 - Level 1.5 Dodging
 - Level 1.0 Stealth


You had 4 spell levels left.
You didn't know any spells.

Dungeon Overview and Level Annotations

Branches:
Dungeon (3/15)

Altars:


Innate Abilities, Weirdness & Mutations

You do not eat or drink.
Your flesh is vulnerable to fire.
You are immune to poison.
Your flesh is cold resistant.
You are immune to negative energy.
You are immune to unholy pain and torment.
You can survive without breathing.


Message History

You hit the orc warrior but do no damage.
The orc warrior looks even sicker.
Your plate armour prevents you from hitting the orc warrior.
The orc warrior hits you with a scimitar!
You hit the orc warrior but do no damage.
The orc warrior hits you but does no damage.
You hit the orc warrior.
The orc warrior looks even sicker.
The orc warrior is moderately wounded.
The orc warrior barely misses you.
A quokka comes into view.
You hit the orc warrior.
The orc warrior is moderately wounded.
You barely miss the orc warrior.
The orc warrior is heavily wounded.
The orc warrior hits you with a scimitar!
* * * LOW HITPOINT WARNING * * *
The orc warrior hits you but does no damage.
There is a stone staircase leading down here.
The orc warrior hits you with a scimitar!
You die...

# ####### #......
#......
############......
#.................
#.......# #......
####.......####......
#...@o..(.....+......
#####oo....## #......
###r.######......
#..(...........
##r#...........
#(#...........
#.#...........
r.#...........
≈.##....†).....


You could see an orc warrior, 2 orcs and a quokka.

Vanquished Creatures
  3 gnolls
  6 adders
  An ooze (D:1)
  A worm (D:2)
  3 dart slugs
  2 giant geckos
  4 giant cockroaches
  10 goblins
  9 hobgoblins
  3 kobolds
  2 quokkas (D:2)
  A ball python (D:3)
  6 bats
  4 giant newts
  4 rats
59 creatures vanquished.

Notes
Turn   | Place    | Note
--------------------------------------------------------------
     0 | D:1      | swanee5252 the Mummy Wanderer began the quest for the Orb.
     0 | D:1      | swanee5252 set off with: a +2 hand crossbow, 29 bolts, a scroll of teleportation, 9 poisoned needles, a +0 blowgun, a +0 robe
     0 | D:1      | Reached XP level 1. HP: 15/15 MP: 1/1
     2 | D:1      | Upgraded the game from 0.18-a0-1747-g18c4181 to 0.18-a0-1764-gf4ddf0b
   130 | D:1      | Reached XP level 2. HP: 21/21 MP: 2/2
   284 | D:1      | Reached skill level 3 in Armour
   438 | D:1      | Reached XP level 3. HP: 26/26 MP: 3/3
  1099 | D:1      | Reached skill level 1 in Dodging
  1209 | D:1      | Reached XP level 4. HP: 15/32 MP: 4/4
  1954 | D:2      | Reached skill level 4 in Armour
  1966 | D:2      | Reached XP level 5. HP: 28/37 MP: 5/5
  2300 | D:2      | Reached skill level 1 in Short Blades
  2452 | D:3      | Noticed an orc warrior
  2468 | D:3      | Slain by an orc warrior

Vault maps used:
D:1:      mrwooster_arrival_statue_3
D:3:      gammafunk_temple_overflow_wave, kiku_gazebo_pond_becter,
          dk_noncrumbling_3, kennysheep_generic_room_9, uniq_natasha

Skill      XL: |  1  2  3  4  5 |
---------------+----------------+-----
Crossbows      | 2 |  2.0
Armour         | 3 4 |  4.0
Dodging        | 1 |  1.5
Short Blades   | 1 |  1.0
Fighting       | |  1.0
Axes           | |  1.5
Throwing       | |  1.0
Stealth        | |  1.0

Action                   |  1- 3 |  4- 6 || total
-------------------------+-------+-------++-------
Melee: Dagger            |    30 |   118 ||   148
 Fire: Hand crossbow     |    43 |       ||    43
       Blowgun           |     6 |       ||     6
Armor: Robe              |     1 |       ||     1
       Plate armour      |    36 |   107 ||   143
Dodge: Dodged            |    11 |    35 ||    46
